 Dungeon Crawl Stone Soup version 0.31-a0-819-gf6de2f5ab6 (webtiles) character file.

Game seed: 4389140563708494749

88 Leeroy the Slasher (level 4, -4/33 HPs)
             Began as a Merfolk Gladiator on Sept 23, 2023.
             Slain by Grinder (5 damage)
             ... on level 3 of the Dungeon.
             The game lasted 00:01:49 (1612 turns).

Leeroy the Slasher (Merfolk Gladiator)              Turns: 1612, Time: 00:01:51

Health: -4/33      AC:  5    Str: 14    XL:     4   Next: 54%
Magic:  4/4        EV: 13    Int:  7    God:
Gold:   73         SH:  0    Dex: 17    Spells: 3/3 levels left

rFire   . . .        a - +0 long sword
rCold   . . .        (no shield)
rNeg    . . .        b - +0 leather armour
rPois   .            c - +0 helmet
rElec   .            (no cloak)
rCorr   .            (no gloves)
SInv    .            i - +0 pair of boots
Will    .....        (no amulet)
Stlth   +            (no ring)
HPRegen 0.25/turn    (no ring)
MPRegen 0.09/turn

%: no passive effects
@: no status effects
A: (nimble swimmer 2), mertail
a: no special abilities


You were on level 3 of the Dungeon.
You visited 1 branch of the dungeon, and saw 3 of its levels.

You collected 73 gold pieces.

Inventory:

Hand Weapons
 a - a +0 long sword (weapon)
 j - a +0 long sword
 n - the +5 short sword of a ziggurat {heavy, Int+2}
   (You found it on level 2 of the Dungeon)

   Int+2:     It affects your intelligence (+2).
Missiles
 d - 4 throwing nets (quivered)
 e - a javelin
Armour
 b - a +0 leather armour (worn)
 c - a +0 helmet (worn)
 i - a +0 pair of boots (worn)
Scrolls
 f - 2 scrolls of silence {unknown}
 m - a scroll of noise {unknown}
 o - a scroll of teleportation {unknown}
 s - a scroll of blinking {unknown}
Potions
 g - a potion of cancellation {unknown}
 h - 3 potions of enlightenment {unknown}
 k - a potion of curing {unknown}
 l - a potion of berserk rage {unknown}
 p - a potion of brilliance {unknown}
 q - 2 potions of heal wounds {unknown}
 r - a potion of attraction {unknown}


   Skills:
 - Level 2.1 Fighting
 * Level 6.2 Long Blades
 - Level 2.0 Throwing
 - Level 4.0 Dodging


You had 3 spell levels left.
You didn't know any spells.
Your spell library contained the following spells:

 Spells                   Type           Power      Damage    Failure   Level
 Dazzling Flash           Conj/Hex       0%         N/A       87%         3
 Volatile Blastmotes      Fire/Tloc      0%         2d10      87%         3
 Animate Dead             Necr           0%         N/A       99%         4
 Flame Wave               Conj/Fire      0%         2d4       99%         4
 Starburst                Conj/Fire      0%         6d3       100%        6
 Borgnjor's Revivificati  Necr           0%         N/A       100%        8
 Maxwell's Capacitive Co  Air            0%         ∞         100%        8


Dungeon Overview and Level Annotations

Branches:
Dungeon (3/15)

Altars:
Gozag

Annotations:
D:3 Grinder


Innate Abilities, Weirdness & Mutations

((You are very nimble when in or above water. (Stealth+, EV+, Speed+++)))
Your lower body shifts to a powerful aquatic tail in water.


Message History

q - 2 coppery potions (gained 1)
s - a scroll labelled TANTUJ EN ZOA
Found a dagger.
Your movement speed is average.
Your attack delay is about 1.0.
Your damage rating with your +0 long sword is about 13 (Base 10 x 117% (Dex) x 116% (Skill)).
Found 6 stones.
Found 5 stones.
Grinder comes into view.
Grinder shouts!
Grinder hits you.
You hit Grinder.
Grinder is lightly wounded.
Grinder hits you.
You closely miss Grinder.
Grinder is lightly wounded.
Grinder gestures at you. Pain shoots through your body!
You slash Grinder!
Grinder is moderately wounded.
Grinder hits you.
You writhe in agony.
You are too injured to fight recklessly!
You are too injured to fight recklessly!
You are too injured to fight recklessly!
You are too injured to fight recklessly!
You are too injured to fight recklessly!
You barely miss Grinder.
Grinder is moderately wounded.
Grinder closely misses you.
You hit Grinder.
Grinder is moderately wounded.
Grinder gestures at you. Pain shoots through your body!
* * * LOW HITPOINT WARNING * * *
You closely miss Grinder.
Grinder is moderately wounded.
Grinder hits you.
* * * LOW HITPOINT WARNING * * *
You writhe in agony.
You die...
Grinder says, "Now the real fun starts!"

#.# # #.# # #.# ###.#
....###################
......................#
########.#....#######.#
..# #............#
#.########.#####@####
..#.†......# #5#
..#†######## #.#
..)......... #.#
(...........## #.#
.............# #.#
...........<.# #.#
.............# #.#
###.#####....# #


You could see Grinder.

Vanquished Creatures
  An iguana (D:3)
  An adder (D:3)
  A worm (D:2)
  3 dart slugs
  An orc (D:3)
  3 bats
  3 endoplasms
  4 giant cockroaches
  3 hobgoblins
  4 kobolds
  2 quokkas
  5 ball pythons
  3 frilled lizards
  4 goblins
  5 rats
43 creatures vanquished.

Notes
Turn   | Place    | Note
-------+----------+-------------------------------------------
     0 | D:1      | Leeroy the Merfolk Gladiator began the quest for the Orb.
     0 | D:1      | Reached XP level 1. HP: 16/16 MP: 1/1
    37 | D:1      | Reached skill level 4 in Long Blades
   101 | D:1      | Reached XP level 2. HP: 16/22 MP: 2/2
   645 | D:2      | Found an opulent altar of Gozag.
   769 | D:2      | Reached skill level 5 in Long Blades
   769 | D:2      | Reached XP level 3. HP: 18/27 MP: 3/3
   909 | D:2      | Identified the +5 short sword of a ziggurat {heavy, Int+2}
  1501 | D:3      | Reached XP level 4. HP: 30/33 MP: 4/4
  1513 | D:3      | Reached skill level 6 in Long Blades
  1523 | D:3      | Got an innocuous book
  1605 | D:3      | Noticed Grinder
  1612 | D:3      | HP: 1/33 [Grinder (2)]
  1612 | D:3      | Slain by Grinder

Illustrated notes

Levels and vault maps discovered:
D:1:      dpeg_arrival_connections, layout_basic, minmay_misc_feat_chi
D:2:      layout_basic, basic_altar
D:3:      layout_basic, minmay_fractal_squares_5, uniq_grinder, uniq_jessica,
          uniq_crazy_yiuf_cottage

Skill      XL: |  1  2  3  4 |
---------------+-------------+-----
Long Blades    | 4 5 6 |  6.2
Fighting       | |  2.1
Throwing       | |  2.0
Dodging        | |  4.0

Action                     |  1- 3 |  4- 6 || total
---------------------------+-------+-------++-------
  Melee: Long sword        |   110 |    21 ||   131
   Stab: Sleeping          |     2 |       ||     2
 Armour: Leather armour    |    62 |     7 ||    69
  Dodge: Dodged            |    69 |    12 ||    81

Table legend: (Time is in decaauts)
 A = Elapsed time spent in this place.
 B = Non-inter-level travel time spent in this place.
 C = Inter-level travel time spent in this place.
 D = Time resting spent in this place.
 E = Time spent auto-exploring this place.
 F = Levels seen in this place.
 G = Mean time per level.
                   A        B        C        D        E       F      G
               +--------+--------+--------+--------+--------+-----+--------+
         Total |   1631 |   1594 |     37 |      0 |   1248 |   3 |  543.7 |
       Dungeon |   1631 |   1594 |     37 |      0 |   1248 |   3 |  543.7 |
               +--------+--------+--------+--------+--------+-----+--------+

Top non-repeatable levels by time:
     D:2: 798 daAuts
     D:1: 651 daAuts
     D:3: 181 daAuts
